 Dungeon Crawl Stone Soup version 0.30-a0-161-gdd60e06945 (webtiles) character file.

Game seed: 16232558247646135105

42 qw the Shield-Bearer (level 3, 0/23 HPs)
             Began as a Gargoyle Fighter on Sept 27, 2022.
             Slain by a goblin
             ... wielding a +0 club
             ... led by Robin
              (4 damage)
             ... on level 2 of the Dungeon.
             The game lasted 00:00:22 (1119 turns).

qw the Shield-Bearer (Gargoyle Fighter)             Turns: 1119, Time: 00:00:23

Health: 0/23       AC:  0    Str: 21    XL:     3   Next: 56%
Magic:  3/3        EV: 13    Int:  8    God:
Gold:   68         SH:  0    Dex:  9    Spells: 2/2 levels left

rFire   . . .      SeeInvis .    (weapon currently unavailable)
rCold   . . .      Faith    .    (shield currently unavailable)
rNeg    + . .      Spirit   .    (body armour currently unavailable)
rPois   inf        Reflect  .    (helmet currently unavailable)
rElec   .          Harm     .    (cloak currently unavailable)
rCorr   .          Rampage  .    (gloves currently unavailable)
Will    .....                    (boots currently unavailable)
Stlth   +.........               (no amulet)
HPRegen 0.07/turn                (ring currently unavailable)
MPRegen 0.08/turn                (ring currently unavailable)

@: about to teleport, pig-form, very quick
A: fast, no casting, sickness immunity, AC +3, small, negative energy resistance
1, (electricity resistance), torment resistance 1, petrification resistance
a: no special abilities


You were on level 2 of the Dungeon.
You were a filthy swine.
You visited 1 branch of the dungeon, and saw 2 of its levels.

You collected 68 gold pieces.


Innate Abilities, Weirdness & Mutations

You are a filthy swine.
You move quickly.
Your equipment is almost entirely melded.
You are incapable of wielding weapons or throwing items.
You cannot cast spells.
You are immune to sickness and miasma.
((Your stone body is resilient. (AC +3)))
You are immune to poison.
You resist negative energy. (rN+)
((You are resistant to electric shocks. (rElec)))
You are resistant to unholy torment.
You are immune to petrification.


   Skills:
 - Level 3.2 Fighting
 + Level 3.2 Axes
 - Level 1.0 Throwing
 - Level 3.2 Armour
 - Level 3.2 Shields


You had 2 spell levels left.
You didn't know any spells.
Your spell library was empty.

Inventory:

Hand Weapons
 q - a +0 flail
 Y - a +1 war axe (melded)
Missiles
 o - 4 silver javelins
Armour
 b - a +0 scale mail (melded)
 c - a +0 buckler (melded)
Potions
 d - a potion of might
 e - 2 potions of curing
 g - a potion of degeneration {unknown}
 h - a potion of heal wounds
 i - a potion of cancellation {unknown}

Dungeon Overview and Level Annotations

Branches:
Dungeon (2/15)

Altars:

Annotations:
D:2 Robin


Message History

Robin shouts!
You hear a shout! x2
Robin laughs in a distinctly smug fashion.
The goblin unwields a +0 sling.
The goblin wields a +0 dagger.
The goblin hits you but does no damage.
You closely miss the goblin.
Robin zaps a wand.
You turn into a filthy swine.
Your +1 war axe melds into your body.
Your +0 buckler melds into your body.
Your +0 scale mail melds into your body.
A goblin comes into view. It is wielding a +0 club.
The goblin completely misses you.
You hit the goblin but do no damage.
Robin roars a battlecry!
The goblins go into a battle-frenzy!
A goblin comes into view. It is wielding a +1 dagger of venom.
The goblin hits you with a +0 dagger.
You hear a shout! x3
You closely miss the goblin.
The goblin shouts!
The goblin hits you with a +0 dagger.
You hit the goblin.
You kill the goblin!
A hobgoblin comes into view.
The goblin barely misses you.
You hit the hobgoblin.
The hobgoblin is heavily wounded.
Robin throws the goblin at you! The goblin hits you with a +0 club.
The hobgoblin barely misses you. The goblin hits you with a +0 club.
You hit the hobgoblin.
The hobgoblin is severely wounded.
The hobgoblin hits you.
A goblin comes into view. It is wielding a +0 dagger.
Robin throws the goblin at you! The goblin closely misses you.
The goblin barely misses you. The goblin misses you.
1119 ||| READING scroll of teleportation.
As you read the scroll of teleportation, it crumbles to dust.
You feel strangely unstable. The hobgoblin closely misses you.
A hobgoblin comes into view.
The goblin hits you with a +0 club.
You die...

........#
.....##....# ##g ##
#...###.#... .. .(
##.##....... .g .#
#.......#..# #. .#
P%7<.#..#..# #g#.#
P..7...##..# ...#
.7777####..## #g)#
.7
7####...####hg##.#
..
7...........gg.).#
.7P
7####...####........


7777 ##.#.###.####### 777 ##.###.##.# .^######.## ##.#.# ........## ##..#
..######.## ##.#.# ..#######.###.##.# You could see Robin, 3 hobgoblins and 3
goblins.

Vanquished Creatures
  An adder (D:2)
  2 bats (D:1)
  3 endoplasms (D:1)
  2 giant cockroaches
  4 goblins
  4 hobgoblins
  3 jackals (D:1)
  2 quokkas (D:1)
  2 ball pythons (D:1)
  A frilled lizard (D:1)
  3 kobolds (D:1)
  2 rats (D:1)
29 creatures vanquished.

Notes
Turn   | Place    | Note
-------+----------+-------------------------------------------
     0 | D:1      | qw the Gargoyle Fighter began the quest for the Orb.
     0 | D:1      | Reached XP level 1. HP: 14/14 MP: 1/1
     0 | D:1      | 0 ||| qw: Version: 0.2-a-10-g37ed214
     0 | D:1      | 0 ||| qw: Game counter: 644
     0 | D:1      | 0 ||| qw: Always use a shield: true
     0 | D:1      | 0 ||| qw: God list: Okawaru
     0 | D:1      | 0 ||| qw: Allow faded altars: false
     0 | D:1      | 0 ||| qw: Do Orc after D:15 true
     0 | D:1      | 0 ||| qw: Do second Lair branch before Depths: true
     0 | D:1      | 0 ||| qw: Lair rune preference: random
     0 | D:1      | 0 ||| qw: Plans: Normal, Zot:1-4, God:TSO, Crypt, Tomb,
                  | Pan, Slime:5, Hells, Abyss, Orb
     0 | D:1      | 0 ||| PLANNING D:1-11
   199 | D:1      | Reached XP level 2. HP: 19/19 MP: 2/2
   609 | D:1      | Reached skill level 3 in Axes
   612 | D:1      | Reached XP level 3. HP: 19/23 MP: 3/3
   834 | D:1      | Found a faded altar of an unknown god.
   835 | D:1      | 835 ||| DROPPING +0 club.
   898 | D:1      | 898 ||| READING scroll labelled QELUEPTUANLI.
   899 | D:1      | 899 ||| READING scroll labelled QUWYDIR SIRAE.
   900 | D:1      | 900 ||| READING 2 scrolls labelled ISEAWA BABRA.
   903 | D:1      | 903 ||| READING scroll labelled BUEHUBA DEW.
   904 | D:1      | 904 ||| READING scroll labelled UDDIERRETELU.
   950 | D:1      | 950 ||| READING scroll labelled RODYTO KOXAZU.
   951 | D:1      | 951 ||| DRINKING 2 green potions.
   952 | D:1      | 952 ||| DRINKING 2 dark potions.
  1064 | D:2      | Reached skill level 1 in Throwing
  1106 | D:2      | 1106 ||| Stepping ~*~*~tactically~*~*~ (hiding).
  1112 | D:2      | Noticed Robin
  1118 | D:2      | HP: 3/23 [Robin/goblin (3)]
  1119 | D:2      | 1119 ||| READING scroll of teleportation.
  1119 | D:2      | Slain by a goblin

Levels and vault maps discovered:
D:1:      saegor_arrival_simple_b, layout_basic,
          dreamdust_ecumenical_altar_hidden_monk_grotto
D:2:      layout_loops_ring, serial_forest, infiniplex_forest_clump_double,
          infiniplex_forest_clump_diagonal, infiniplex_forest_lined_room_,
          infiniplex_forest_corner_2, infiniplex_forest_clump_long,
          infiniplex_forest_end_2, infiniplex_forest_lined_ring,
          minmay_tetromino_i2, uniq_robin, uniq_natasha

Skill      XL: |  1  2  3 |
---------------+----------+-----
Axes           | 2 3 |  3.2
Throwing       | 1 |  1.0
Fighting       | |  3.2
Armour         | |  3.2
Shields        | |  3.2

Action                   || total
-------------------------++-------
Melee: War axe           ||    54
       Unarmed           ||     5
Throw: Javelin           ||     6
  Use: Scroll            ||     7
       Potion            ||     2
Armor: Scale mail        ||    27
Dodge: Dodged            ||    30
Block: Buckler           ||     9

Table legend:
 A = Non-vault XP
 B = Vault XP
 C = Vault XP percentage of total XP
 D = Non-vault monster count
 E = Vault monster count
 F = Vault count percentage of total count
                 A         B        C        D         E       F
            +---------+---------+-------+---------+---------+-------
      Total |      57 |       4 |   6.6 |      27 |       2 |   6.9
            +---------+---------+-------+---------+---------+-------
        D:1 |      42 |       0 |   0.0 |      25 |       0 |   0.0
        D:2 |      15 |       4 |  21.1 |       2 |       2 |  50.0
            +---------+---------+-------+---------+---------+-------
